 Zot Defence DCSS version 0.14-a0-3367-g7c2a7eb (webtiles) character file.

50320 Froboctopus the Impaler (level 12, -8/103 HPs)
             Began as a Merfolk Gladiator on Mar 19, 2014.
             Was a High Priest of Okawaru.
             Killed by divine providence
             ... invoked by a smoke demon
             ... summoned by Frances
              (13 damage)
             ... in the Realm of Zot (Scenario I: Hall of Zot).
             The game lasted 00:26:23 (3425 turns).

Froboctopus the Impaler (Merfolk Gladiator)         Turns: 3425, Time: 00:26:23

HP  -8/103       AC 19     Str 19      XL: 12   Next: 99%
MP  11/12        EV 12     Int  7      God: Okawaru [*****.]
Gold 11          SH  0     Dex 16      Spells:  0 memorised, 11 levels left

rFire  . . .     SeeInvis .     b - +1 glaive (chop)
rCold  . . .     Clarity  .     a - +0 plate armour
rNeg   . . .     Conserve .     (no shield)
rPois  .         rCorr    .     c - +0 helmet
rElec  .         rRot     .     h - +0 cloak
SustAb . .       Spirit   .     (no gloves)
rMut   .         Warding  .     (no boots)
Saprov . . .     Stasis   .     (no amulet)
MR     .....                    (no ring)
                                (no ring)

@: heroism, not resistant to hostile enchantments, extremely unstealthy
A: change form in water, swift swim
a: Make dart trap, Make oklob sapling, Make arrow trap, Make plant, Remove
Curse, Make burning bush, Make altar, Make grenades, Make oklob plant, Make net
trap, Make ice statue, Make spear trap, Make alarm trap, Make mushroom circle,
Heroism, Finesse, Renounce Religion
}: 2/15 runes: silver, iron


You were in the Realm of Zot.
You worshipped Okawaru.
Okawaru was extremely pleased with you.
You were not hungry.

You visited 1 branch You collected 11 gold pieces.

Inventory:

Hand weapons
 b - a +1,+1 glaive of chopping (weapon)
 j - the +9,+8 executioner's axe of Responsibility {drain, rF- Dex+3}
   (Okawaru gifted it to you in the Realm of Zot)

   A truly terrible weapon, it drains the life of those it strikes.
   It affects your dexterity (+3).
   It makes you vulnerable to fire.
 l - a +2,+1 halberd of venom
Missiles
 d - 3 throwing nets (quivered)
Armour
 a - a +0 plate armour (worn)
 c - a +0 helmet (worn)
 h - a +0 cloak (worn)
Comestibles
 f - a bread ration
Scrolls
 k - a scroll of blinking
Potions
 e - 2 potions of curing
 i - 2 potions of magic


   Skills:
 + Level 12.7(17.7) Fighting
 * Level 16.0(21.0) Polearms
 - Level 2.0(7.0) Throwing
 - Level 8.6(13.6) Armour
 - Level 11.0(16.0) Dodging


You had 11 spell levels left.
You didn't know any spells.

Dungeon Overview and Level Annotations

Branches:
    Zot (1/1)

Altars:
Okawaru

Annotations:
Zot Frances


Message History

Aim: Frances, wielding a morningstar and wearing a scale mail (moderately wounded, moving very quickly)
You reach to attack!
You slash Frances!
Frances is heavily wounded.
Attack whom?
Press: ? - help, Dir - move target cursor, f/p - Frances
Aim: Frances, wielding a morningstar and wearing a scale mail (heavily wounded, moving very quickly)
You reach to attack!
You hit Frances but do no damage.
Frances is heavily wounded.
The smoke demon gestures at you. Something smites you!
* * * LOW HITPOINT WARNING * * *
Attack whom?
Press: ? - help, Dir - move target cursor, f/p - Frances
Aim: Frances, wielding a morningstar and wearing a scale mail (heavily wounded, moving very quickly)
You reach to attack!
You slice Frances!!
Frances is almost dead.
The smoke demon disappears in a puff of smoke!
The smoke demon gestures at you. Something smites you!
You die... .....### ###......... ..#### ####...... ####### ########### .PPPPP###

###PPPPP..... ..##PPPP##
##PPPP##......
...###PPP###########PPP###.......
....###PP....§3@3...PP###........
....# ##......)._....## #........
....# #......))@....# #........
....# ##.......(...## #........
....# #.).........# #........
....# ##...........## #........
...## #.............# ##.......
..## ##.............## ##......
.## #......<.<......# ##.....
#▓▓▓ ########<######## ▓▓▓#####
▓▓∆▓▓ ### ▓▓∆▓▓


You could see Frances, a sun demon and a smoke demon.

Vanquished Creatures
  A dancing weapon (Zot)
  A centaur warrior (Zot)
  5 hill giants (Zot)
  An orc knight (Zot)
  A manticore (Zot)
  Maurice (Zot)
  An octopode (shapeshifter) (Zot)
  An elf (shapeshifter) (Zot)
  2 wind drakes (Zot)
  A boggart (shapeshifter) (Zot)
  A merfolk (Zot)
  A jumping spider (shapeshifter) (Zot)
  A basilisk (Zot)
  A giant leech (Zot)
  3 blink frogs (Zot)
  3 slime creatures (Zot)
  A griffon skeleton (Zot)
  A water elemental (Zot)
  2 vampires (Zot)
  A shadow (Zot)
  A deep elf fighter (Zot)
  A naga (Zot)
  6 ugly things (Zot)
  A mottled dragon (Zot)
  A small abomination (Zot)
  2 water moccasins (Zot)
  An orc warrior (Zot)
  A tengu (Zot)
  3 centaurs (Zot)
  2 ogres (Zot)
  A big kobold (Zot)
  2 giant frogs (Zot)
  A jelly (Zot)
  2 wights (Zot)
  A hound (Zot)
  An orange rat (Zot)
  A crimson imp (Zot)
  A green rat (Zot)
  An orc wizard (Zot)
  2 worker ants (Zot)
  A gnoll (Zot)
  4 adders (Zot)
  A shadow imp (Zot)
  A giant mite (Zot)
  7 orcs (Zot)
  2 bats (Zot)
  5 hobgoblins (Zot)
  3 jackals (Zot)
  2 oozes (Zot)
  6 ball pythons (Zot)
  3 giant cockroaches (Zot)
  11 goblins (Zot)
  5 kobolds (Zot)
  A quokka (Zot)
  A rat (Zot)
115 creatures vanquished.

Vanquished Creatures (collateral kills)
  A goblin (Zot)
  8 jackals (Zot)
  4 kobolds (Zot)
  4 rats (Zot)
17 creatures vanquished.

Vanquished Creatures (others)
  An oklob sapling (Zot)
  11 plants (Zot)
12 creatures vanquished.

Grand Total: 144 creatures vanquished

Notes
Turn   | Place    | Note
--------------------------------------------------------------
     0 | Zot      | Froboctopus, the Merfolk Gladiator, began the quest for the Orb.
     0 | Zot      | Reached XP level 1. HP: 16/16 MP: 1/1
   175 | Zot      | Reached XP level 2. HP: 22/22 MP: 2/2
   192 | Zot      | Reached skill level 5 in Polearms
   312 | Zot      | Reached XP level 3. HP: 27/27 MP: 3/3
   496 | Zot      | Reached skill level 5 in Dodging
   619 | Zot      | Reached skill level 6 in Polearms
   619 | Zot      | Reached XP level 4. HP: 34/34 MP: 4/4
   619 | Zot      | Reached XP level 5. HP: 39/39 MP: 5/5
   794 | Zot      | Reached skill level 7 in Polearms
   794 | Zot      | Reached XP level 6. HP: 47/47 MP: 6/6
   814 | Zot      | Became a worshipper of Warmaster Okawaru
   838 | Zot      | Got a silver rune of Zot
  1402 | Zot      | Noticed Icsafofo
  1421 | Zot      | Killed Icsafofo the deep elf fighter
  1421 | Zot      | Reached skill level 1 in Armour
  1421 | Zot      | Reached XP level 7. HP: 52/55 MP: 7/7
  1446 | Zot      | Got an iron rune of Zot
  1503 | Zot      | Reached skill level 5 in Fighting
  1606 | Zot      | Acquired Okawaru's first power
  1606 | Zot      | Reached skill level 8 in Polearms
  1606 | Zot      | Reached XP level 8. HP: 62/64 MP: 8/8
  1662 | Zot      | Noticed a blink frog
  1671 | Zot      | Noticed a blink frog
  1724 | Zot      | Killed a blink frog
  1724 | Zot      | Reached skill level 9 in Polearms
  1724 | Zot      | Reached XP level 9. HP: 63/72 MP: 9/9
  1785 | Zot      | Killed a blink frog
  1797 | Zot      | Reached skill level 5 in Armour
  1802 | Zot      | Noticed Maurice
  1996 | Zot      | Reached skill level 10 in Polearms
  1996 | Zot      | Reached XP level 10. HP: 82/82 MP: 10/10
  2195 | Zot      | Noticed a hill giant
  2276 | Zot      | Killed a hill giant
  2281 | Zot      | Reached skill level 10 in Fighting
  2287 | Zot      | Reached skill level 11 in Polearms
  2384 | Zot      | Killed Maurice
  2384 | Zot      | Reached skill level 10 in Dodging
  2384 | Zot      | Reached XP level 11. HP: 44/92 MP: 8/11
  2573 | Zot      | Noticed a centaur warrior
  2586 | Zot      | Noticed an orc knight
  2635 | Zot      | Killed a centaur warrior
  2657 | Zot      | Noticed a hill giant
  2660 | Zot      | Killed an orc knight
  2661 | Zot      | Noticed a hill giant
  2678 | Zot      | Killed a hill giant
  2678 | Zot      | Reached skill level 12 in Polearms
  2701 | Zot      | Killed a hill giant
  2928 | Zot      | Reached skill level 13 in Polearms
  2928 | Zot      | Reached XP level 12. HP: 44/100 MP: 12/12
  2958 | Zot      | Acquired Okawaru's second power
  2987 | Zot      | Reached skill level 14 in Polearms
  3093 | Zot      | Received a gift from Okawaru
  3094 | Zot      | Got a brightly glowing executioner's axe {god gift}
  3097 | Zot      | Identified the +9,+8 executioner's axe of Responsibility {drain, rF- Dex+3} (Okawaru gifted it to you in the Realm of Zot)
  3205 | Zot      | Reached skill level 15 in Polearms
  3396 | Zot      | Reached skill level 16 in Polearms
  3403 | Zot      | Noticed Frances
  3424 | Zot      | HP: 4/103 [smoke demon/divine providence[Frances] (10)]
  3425 | Zot      | Killed from afar by a smoke demon

Action                   |  1- 3 |  4- 6 |  7- 9 | 10-12 || total
-------------------------+-------+-------+-------+-------++-------
Melee: Trident           |    41 |   119 |   241 |   230 ||   631
       Halberd           |       |       |       |   111 ||   111
       Glaive            |       |       |       |   148 ||   148
       Executioner's axe |       |       |       |     4 ||     4
Invok: Heroism           |       |       |     1 |     3 ||     4
 Abil: Make oklob saplin |     1 |       |       |       ||     1
       Make plant        |       |    12 |    15 |    12 ||    39
       Make altar        |       |     1 |       |       ||     1
  Use: Potion            |       |       |       |     4 ||     4
